 Dungeon Crawl Stone Soup version 0.21-a0-278-ga722497 (webtiles) character file.

490 tidbits the Skirmisher (level 6, -5/66 HPs)
             Began as a Demigod Wanderer on Sept 21, 2017.
             Killed by divine providence
             ... invoked by an orc priest
              (11 damage)
             ... on level 5 of the Dungeon.
             The game lasted 00:08:16 (798 turns).

tidbits the Skirmisher (Demigod Wanderer)            Turns: 798, Time: 00:08:17

Health: -5/66      AC: 18    Str: 21    XL:     6   Next: 59%
Magic:  8/8        EV:  8    Int: 18    God:
Gold:   55         SH:  0    Dex: 16    Spells: 5/5 levels left

rFire    . . .     SeeInvis .   z - +1 short sword (elec)
rCold    + . .     Gourm    .   (no shield)
rNeg     . . .     Faith    .   B - +3 chain mail {rC+}
rPois    +         Spirit   .   E - +2 helmet of Koydwuf {MR+}
rElec    .         Reflect  .   (no cloak)
rCorr    .         Harm     .   G - +0 pair of gloves
MR       +....                  (no boots)
Stlth    ..........             (no amulet)
HPRegen  0.21/turn              p - +5 ring of strength
MPRegen  0.11/turn              (no ring)

@: no status effects
A: thin metallic scales 1, high mp 1, poison resistance, robust 1
a: no special abilities


You were on level 5 of the Dungeon.
You were not hungry.

You visited 1 branch of the dungeon, and saw 5 of its levels.

You collected 55 gold pieces.

Inventory:

Hand Weapons
 a - a +0 dagger
 b - a +0 hand crossbow
 d - a +3 dire flail of crushing
   (You took it off Edmund on level 4 of the Dungeon)
 u - a +0 hunting sling
 z - a +1 short sword of electrocution (weapon)
   (You took it off an orc on level 4 of the Dungeon)
Missiles
 c - 31 bolts
 s - 19 arrows
 x - 8 tomahawks (quivered)
Armour
 g - a cursed +0 robe
 o - a cursed +0 robe
 q - a +0 hat
 t - a +2 scale mail
 B - a +3 chain mail of cold resistance (worn)
   (You took it off Edmund on level 4 of the Dungeon)
 E - the +2 helmet of Koydwuf (worn) {MR+}
   (You found it on level 5 of the Dungeon)

   It affects your resistance to hostile enchantments.
 G - a +0 pair of gloves (worn)
Jewellery
 p - a +5 ring of strength (left hand)
   (You found it on level 1 of the Dungeon)
Scrolls
 e - a scroll of enchant weapon {unknown}
 h - 3 scrolls of identify {unknown}
 k - a scroll of magic mapping {unknown}
 l - 2 scrolls of remove curse {unknown}
 w - a scroll of random uselessness {unknown}
Potions
 m - a potion of heal wounds {unknown}
 v - a potion of might {unknown}
Books
 y - a book of Changes
   (You found it on level 4 of the Dungeon)

   Spells                             Type                      Level
   a - Beastly Appendage              Transmutation                1
   b - Sticks to Snakes               Transmutation                2
   c - Spider Form                    Transmutation/Poison         3
   d - Ice Form                       Ice/Transmutation            4
   e - Blade Hands                    Transmutation                5
Comestibles
 f - a bread ration
 n - a royal jelly
 r - 2 meat rations


   Skills:
 + Level 7.0 Fighting
 - Level 1.1 Crossbows
 - Level 2.8 Armour
 - Level 1.2 Dodging
 - Level 1.9 Stealth


You had 5 spell levels left.
You didn't know any spells.

Dungeon Overview and Level Annotations

Branches:
Dungeon (5/15)             Temple (0/1) D:4

Annotations:
D:5 Prince Ribbit


Innate Abilities, Weirdness & Mutations

You have an increased reservoir of magic. (+10% MP)
You are partially covered in thin metallic scales. (AC +2)
Your system is resistant to poisons. (rPois)
You are robust. (+10% HP)


Message History

Things that are here:
a leather armour; an orc corpse Wield which item (- for none, * to show all)? (? for menu, Esc to quit)
a - a +0 dagger (weapon)
You closely miss the adder. The adder bites you but does no damage.
The adder closely misses you.
You closely miss the adder. The adder barely misses you.
Wield which item (- for none, * to show all)? (? for menu, Esc to quit)
You hear the crackle of electricity.
z - a +1 short sword of electrocution (weapon)
The adder bites you but does no damage.
You hit the adder.
The adder is heavily wounded.
The adder bites you but does no damage.
You hit the adder. Lightning courses through the adder!
You kill the adder!
Your Fighting skill increases to level 7!
You puncture the orc!
You kill the orc!
You closely miss the orc.
You hear the slow rusting of a very distant drain.
The orc hits you with a club.
* * * LOW HITPOINT WARNING * * *
You puncture the orc!
The orc is almost dead.
The orc barely misses you.
Your chain mail prevents you from hitting the orc.
The orc is almost dead.
You hit the orc.
You kill the orc!
The orc hits you but does no damage.
You hit the orc.
The orc is severely wounded.
The orc hits you but does no damage.
You closely miss the orc.
The orc is severely wounded.
You barely miss the orc. The orc hits you but does no damage. x2
You hit the orc.
The orc is almost dead.
The orc closely misses you. The orc hits you with a flail.
* * * LOW HITPOINT WARNING * * *
You barely miss the orc.
The orc is almost dead.
The orc priest invokes the aid of Beogh against you.
Beogh smites you!
* * * LOW HITPOINT WARNING * * *
The orc hits you but does no damage.
You barely miss the orc.
The orc is almost dead.
The orc closely misses you. The orc barely misses you.
You feel better. The orc barely misses you.
The orc hits you but does no damage.
You closely miss the orc.
The orc is almost dead.
The orc hits you but does no damage. x2
You hit the orc but do no damage.
The orc is severely wounded.
The orc priest calls down the wrath of Beogh upon you.
Beogh smites you!
* * * LOW HITPOINT WARNING * * *
The orc hits you but does no damage. x2
You puncture the orc!
You kill the orc!
The orc priest closely misses you.
Things that are here:
a leather armour; an orc corpse You hit the orc priest.
The orc priest is heavily wounded.
The orc hits you but does no damage. The orc priest hits you with a dagger.
* * * LOW HITPOINT WARNING * * *
Prince Ribbit closely misses you.
The orc priest invokes the aid of Beogh against you.
You resist with some effort.
It was a potion of cancellation.
You feel magically purged. The orc hits you but does no damage.
Prince Ribbit blinks!
The orc priest hits you but does no damage.
You hit the orc priest.
The orc priest is severely wounded.
The orc hits you but does no damage.
The orc priest casts a cantrip, but nothing happens.
Your chain mail prevents you from hitting the orc priest.
The orc priest is severely wounded.
The orc hits you but does no damage. The orc priest barely misses you.
You barely miss the orc priest.
The orc priest is severely wounded.
The orc closely misses you. The orc priest barely misses you.
Prince Ribbit blinks!
The orc priest hits you with a dagger.
* * * LOW HITPOINT WARNING * * *
Items here: )) [ † a club; a falchion; a chain mail; a hound corpse Unknown command.
You closely miss the orc priest.
The orc priest is severely wounded.
The orc hits you but does no damage. The orc priest barely misses you.
You closely miss the orc priest.
The orc priest is severely wounded.
The orc hits you but does no damage.
Prince Ribbit blinks!
The orc priest mumbles some strange prayers to Beogh against you.
Beogh smites you!
You die...

##...#.................
#.###................#
#. #..............(.#
#.####.............#(#
#.§.###........o.....#
###.#####.#).o.####.(.
#).#...o...#.# ##..
##o#.####....# #.#
#o@.# #.#..#####.#
###..# #.#......#.#
....##.#........#
#############..o# #....
#..... ........
..#..... .......(


You could see an orc priest and an orc.

Vanquished Creatures
  Edmund (D:4)
  An ogre (D:5)
  2 howler monkeys (D:5)
  A crimson imp (D:5)
  A hound (D:5)
  An orc priest (D:4)
  2 orc wizards
  2 adders
  An adder zombie (D:5)
  A leopard gecko (D:1)
  9 orcs
  A bat (D:1)
  2 giant cockroaches (D:2)
  3 goblins (D:1)
  2 hobgoblins (D:1)
  3 jackals (D:1)
  3 kobolds (D:1)
  3 frilled lizards (D:1)
  2 rats (D:1)
41 creatures vanquished.

Vanquished Creatures (others)
  A fungus (D:4)
1 creature vanquished.

Grand Total: 42 creatures vanquished

Notes
Turn   | Place    | Note
-------+----------+-------------------------------------------
     0 | D:1      | tidbits the Demigod Wanderer began the quest for the Orb.
     0 | D:1      | tidbits set off with: a +2 scale mail, a +0 hand crossbow, 22 bolts, a potion of lignification, a +0 dagger, a bread ration
     0 | D:1      | Reached XP level 1. HP: 18/18 MP: 3/3
   230 | D:1      | Reached XP level 2. HP: 25/25 MP: 4/4
   265 | D:1      | Reached skill level 3 in Fighting
   477 | D:4      | Found a staircase to the Ecumenical Temple.
   486 | D:4      | Noticed Edmund
   487 | D:4      | Gained mutation: Scrolls take you a little longer to read. [potion of mutation]
   487 | D:4      | Gained mutation: You have a pair of small horns on your head. [potion of mutation]
   487 | D:4      | Gained mutation: You have a considerably increased reservoir of magic. (+20% MP) [potion of mutation]
   488 | D:4      | Lost mutation: You have a pair of small horns on your head. [potion of mutation]
   488 | D:4      | Lost mutation: Scrolls take you a little longer to read. [potion of mutation]
   488 | D:4      | Lost mutation: You have a considerably increased reservoir of magic. (+20% MP) [potion of mutation]
   488 | D:4      | Gained mutation: You are robust. (+10% HP) [potion of mutation]
   488 | D:4      | Gained mutation: Your system is resistant to poisons. (rPois) [potion of mutation]
   488 | D:4      | Gained mutation: You are partially covered in thin metallic scales. (AC +2) [potion of mutation]
   515 | D:4      | Killed Edmund
   515 | D:4      | Reached skill level 5 in Fighting
   515 | D:4      | Reached XP level 3. HP: 18/39 MP: 5/5
   515 | D:4      | Reached XP level 4. HP: 21/46 MP: 6/6
   519 | D:4      | Reached XP level 5. HP: 18/52 MP: 7/7
   593 | D:4      | Found a stormy altar of Qazlal.
   596 | D:4      | Found a blossoming altar of Fedhas.
   630 | D:5      | Entered Level 5 of the Dungeon
   641 | D:5      | Got a translucent helmet
   647 | D:5      | Identified the +2 helmet of Koydwuf {MR+} (You found it on level 5 of the Dungeon)
   668 | D:5      | Reached skill level 6 in Fighting
   716 | D:5      | Noticed an ogre
   718 | D:5      | Reached XP level 6. HP: 44/62 MP: 8/8
   721 | D:5      | Noticed Prince Ribbit
   773 | D:5      | Reached skill level 7 in Fighting
   796 | D:5      | HP: 6/66 [orc priest/dagger (2)]
   798 | D:5      | Killed from afar by an orc priest

Vault maps used:
D:1:      minmay_arrival_radiant_lines
D:3:      overflow_temple_1_default, minivault_19, uniq_sigmund, uniq_grinder,
          uniq_crazy_yiuf_cottage, uniq_natasha
D:4:      grunt_temple_overflow_forces_of_nature, temple_green, uniq_edmund
D:5:      okawaru_ov_weapons_minmay, lemuel_coloured_pillars_altar,
          cheibrodos_sewer_entry_drain, first_bread, uniq_prince_ribbit1

Skill      XL: |  1  2  3  4  5  6 |
---------------+-------------------+-----
Fighting       | 5 6 7 |  7.0
Crossbows      | |  1.1
Armour         | |  2.8
Dodging        | |  1.2
Stealth        | |  1.9

Action                   |  1- 3 |  4- 6 || total
-------------------------+-------+-------++-------
Melee: Dagger            |     7 |     2 ||     9
       Unarmed           |    19 |     6 ||    25
       Short sword       |       |    65 ||    65
       Dire flail        |       |    14 ||    14
 Fire: Hand crossbow     |    44 |     3 ||    47
  Use: Potion            |     3 |     3 ||     6
Armor: Scale mail        |     9 |     2 ||    11
       Skin              |    17 |     4 ||    21
       Chain mail        |       |    51 ||    51
Dodge: Dodged            |    14 |    36 ||    50

Table legend:
 A = Spawn XP
 B = Non-spawn XP
 C = Spawn XP percentage of total XP
 D = Spawn monster count
 E = Non-spawn monster count
 F = Spawn count percentage of total count
 G = Total turns spent on level
                    A         B        C        D         E        F      G
               +---------+---------+-------+---------+---------+-------+---------
         Total |       0 |     701 |   0.0 |       0 |      41 |   0.0 |   798
               +---------+---------+-------+---------+---------+-------+---------
           D:1 |       0 |      28 |   0.0 |       0 |      18 |   0.0 |   361
           D:2 |       0 |       4 |   0.0 |       0 |       2 |   0.0 |    67
           D:4 |       0 |     273 |   0.0 |       0 |       6 |   0.0 |   180
           D:5 |       0 |     396 |   0.0 |       0 |      15 |   0.0 |   168
               +---------+---------+-------+---------+---------+-------+---------

Table legend:
 A = Turns spent in this place as a percentage of turns spent in the entire game.
 B = Non-inter-level travel turns spent in this place as a percentage of non-inter-level travel turns spent in the entire game.
 C = Inter-level travel turns spent in this place as a percentage of turns spent in this place.
 D = Turns resting spent in this place as a percentage of non-inter-level travel turns spent in this place.
 E = Turns spent auto-exploring this place as a percentage of non-inter-level travel turns spent in this place.
 F = Non-inter-level travel turns spent in this place divided by the number of levels of this place that you've seen.
                   A       B       C       D       E      F
               +-------+-------+-------+-------+-------+----------------------
         Total | 100.0 | 100.0 |   0.0 |   0.0 |   0.0 | 159.6
       Dungeon | 100.0 | 100.0 |   0.0 |   0.0 |   0.0 | 159.6
               +-------+-------+-------+-------+-------+----------------------

Table legend:
 A = Kills in this place as a percentage of kills in entire the game.
 B = Kills by you in this place as a percentage of kills by you in the entire game.
 C = Kills by friends in this place as a percentage of kills by friends in the entire game.
 D = Other kills in this place as a percentage of other kills in the entire game.
 E = Experience gained in this place as a percentage of experience gained in the entire game.
 F = Experience gained in this place divided by the number of levels of this place that you have seen.
                   A       B       C       D       E      F
               +-------+-------+-------+-------+-------+----------------------
         Total | 100.0 | 100.0 |   N/A |   N/A | 100.0 | 140.2
       Dungeon | 100.0 | 100.0 |   N/A |   N/A | 100.0 | 140.2
               +-------+-------+-------+-------+-------+----------------------

Vault maps used:
D:1:      minmay_arrival_radiant_lines
D:3:      overflow_temple_1_default, minivault_19, uniq_sigmund, uniq_grinder,
          uniq_crazy_yiuf_cottage, uniq_natasha
D:4:      grunt_temple_overflow_forces_of_nature, temple_green, uniq_edmund
D:5:      okawaru_ov_weapons_minmay, lemuel_coloured_pillars_altar,
          cheibrodos_sewer_entry_drain, first_bread, uniq_prince_ribbit1
